 Dungeon Crawl Stone Soup version 0.25.0-15-gac7dcb8919 (webtiles) character file.

Game seed: 142042186939292792

2390 DungeonDestroyer the Shield-Bearer (level 9, -4/74 HPs)
             Began as a Gnoll Fighter on June 28, 2020.
             Was a Plaything of Xom.
             Slain by an ice devil (15 damage)
             ... summoned by Xom
             ... on level 7 of the Dungeon.
             The game lasted 00:12:17 (7096 turns).

DungeonDestroyer the Shield-Bearer (Gnoll Fighter)  Turns: 7096, Time: 00:12:20

Health: -4/74      AC:  9    Str: 19 (20) XL:     9   Next: 46%
Magic:  15/15      EV:  7    Int: 11      God:    Xom [......]
Gold:   317        SH: 11    Dex: 21 (22) Spells: 16/16 levels left

rFire    + . .     SeeInvis .   a - +1 war axe
rCold    . . .     Gourm    .   c - +0 kite shield
rNeg     . . .     Faith    .   b - +0 plate armour {rF+}
rPois    +         Spirit   .   v - +0 helmet
rElec    .         Reflect  .   (no cloak)
rCorr    .         Harm     .   (no gloves)
MR       .....                  (no boots)
Stlth    ..........             (no amulet)
HPRegen  0.22/turn              m - ring of poison resistance
MPRegen  0.14/turn              e - +6 ring of dexterity

@: lightly drained
A: distributed training, fangs 1, blink, deformed body, deterioration 1, sense
surroundings 1, MP-powered wands, strong nose
a: Blink, Renounce Religion


You were on level 7 of the Dungeon.
You worshipped Xom.
You were a very special plaything of Xom.
You were very hungry.

You visited 2 branches of the dungeon, and saw 8 of its levels.

You collected 317 gold pieces.

Inventory:

Hand Weapons
 a - a +1 war axe (weapon)
 q - a +4 flail
Missiles
 i - 177 arrows
 k - 307 stones (quivered)
 n - 124 bolts
 o - 25 sling bullets
 p - 2 silver boomerangs
Armour
 b - a +0 plate armour of fire resistance (worn)
 c - a +0 kite shield (worn)
 v - a +0 helmet (worn)
Jewellery
 e - a +6 ring of dexterity (right hand)
 m - a ring of poison resistance (left hand)
 t - a +6 ring of intelligence
Wands
 l - a wand of flame (22)
 u - a wand of clouds (6)
 y - a wand of digging (5)
Scrolls
 g - 5 scrolls of teleportation
 j - 5 scrolls of identify
 w - a scroll of blinking
 z - 2 scrolls of enchant weapon
 B - a scroll of magic mapping
Potions
 d - 4 potions of might
 h - a potion of ambrosia
 r - 4 potions of curing
 s - 3 potions of heal wounds
 x - a potion of berserk rage
Comestibles
 f - 8 rations


   Skills:
 + Level 7.8(7.5) Fighting
 + Level 4.2(3.9) Short Blades
 + Level 4.2(3.9) Long Blades
 + Level 6.3(6.0) Axes
 + Level 4.2(3.9) Maces & Flails
 + Level 4.2(3.9) Polearms
 + Level 4.2(3.9) Staves
 + Level 4.2(3.9) Slings
 + Level 4.2(3.9) Bows
 + Level 4.2(3.9) Crossbows
 + Level 4.2(3.9) Throwing
 + Level 7.8(7.5) Armour
 + Level 4.2(3.9) Dodging
 + Level 4.2(3.9) Stealth
 + Level 7.8(7.5) Shields
 + Level 4.2(3.9) Unarmed Combat
 + Level 4.2(3.9) Spellcasting
 + Level 3.4(3.1) Conjurations
 + Level 3.4(3.1) Hexes
 + Level 3.4(3.1) Charms
 + Level 3.4(3.1) Summonings
 + Level 3.4(3.1) Necromancy
 + Level 3.4(3.1) Translocations
 + Level 3.4(3.1) Transmutations
 + Level 3.4(3.1) Fire Magic
 + Level 3.4(3.1) Ice Magic
 + Level 3.4(3.1) Air Magic
 + Level 3.4(3.1) Earth Magic
 + Level 3.4(3.1) Poison Magic
 + Level 4.6(4.3) Invocations
 + Level 4.2(3.9) Evocations


You had 16 spell levels left.
You didn't know any spells.
Your spell library was empty.

Dungeon Overview and Level Annotations

Branches:
Dungeon (7/15)             Temple (1/1) D:4

Altars:
Ashenzari
Cheibriados
Dithmenos
Elyvilon
Gozag
Hepliaklqana
Kikubaaqudgha
Makhleb
Okawaru
Qazlal
Sif Muna
Trog
Uskayaw
Vehumet
Wu Jian
Xom
Yredelemnul
The Shining One


Innate Abilities, Weirdness & Mutations

Your experience applies equally to all skills.
You have very sharp teeth.
Your uncanny sense of smell can sniff out nearby items.
You can translocate small distances at will.
Armour fits poorly on your strangely shaped body.
Your body sometimes deteriorates upon taking damage.
You passively map a small area around you.
You expend magic power (3 MP) to strengthen your wands.


Message History

You feel yourself speed up.
You feel a little less agile now.
You are feeling very hungry. "Time to have some fun!"
Your plate armour prevents you from hitting the ice devil.
You closely miss the shadow imp. You block the ice devil's attack.
You block the shadow imp's attack.
You closely miss the ice devil.
You hit the shadow imp but do no damage.
You hit the shadow imp. The sixfirhy hits you. The sixfirhy shocks you!
The sixfirhy hits you!
Your body deteriorates!
You feel weakened. The sixfirhy shocks you!
Your body deteriorates!
You feel clumsy. The sixfirhy hits you. The sixfirhy shocks you!
* * * LOW HITPOINT WARNING * * *
You block the sixfirhy's attack. The ice devil hits you.
* * * LOW HITPOINT WARNING * * *
The ice devil freezes you!
You die...

# #.##.#..###..#.....z.
,, #
#.##.#..#.#..##.....# *
####.##.#..............#
...#.##.#....#..........
,
.#.#.##.####.###........
*
...#.##.#.........#.#...
..##....##.##..4..#.....
...####........5........
...# #...###.._@5......
[#'####...# #..3†4......
, ..........#
#..)).##....
..........+,##.#).......
#.........# #.#)##.....
#...###...# #.#.# ...#.
* +...# #...#,,..#.#
.... #...###...# *###)#
.### ##........# #.# ,


You could see an ice devil (summoned), a sixfirhy (summoned), a chaos spawn
(summoned) and 2 shadow imps.

Vanquished Creatures
  Menkaure (D:5)
  A black bear (D:6)
  2 orc warriors (D:6)
  A sky beast (D:5)
  2 centaurs
  Blork the orc (D:5)
  4 bullfrogs
  A scorpion (D:4)
  3 killer bees (D:7)
  2 howler monkeys
  5 wights (D:7)
  2 crimson imps
  4 jellies
  A bullfrog skeleton (D:6)
  2 orc wizards
  4 orc priests
  A hound (D:4)
  An iguana (D:4)
  4 worker ants
  A worker ant zombie (D:5)
  Robin (D:2)
  11 adders
  A shadow imp (D:6)
  9 oozes (D:4)
  An adder skeleton (D:4)
  An adder zombie (D:5)
  5 dart slugs
  2 worms
  7 leopard geckos
  21 orcs
  2 bat zombies (D:6)
  3 giant cockroaches
  17 goblins
  12 hobgoblins
  4 jackals (D:1)
  17 kobolds
  3 quokkas
  3 ball pythons
  7 bats
  7 frilled lizards
  2 quokka skeletons
  7 rats
  4 rat zombies (D:6)
  2 fungi (D:4)
  2 plants (D:1)
194 creatures vanquished.

Vanquished Creatures (collateral kills)
  A phantom (D:6)
  An orc (D:6)
2 creatures vanquished.

Vanquished Creatures (others)
  A plant (D:1)
  6 toadstools (D:4)
7 creatures vanquished.

Grand Total: 203 creatures vanquished

Notes
Turn   | Place    | Note
-------+----------+-------------------------------------------
     0 | D:1      | DungeonDestroyer the Gnoll Fighter began the quest for the
                  | Orb.
     0 | D:1      | Reached XP level 1. HP: 23/23 MP: 1/1
   225 | D:1      | Reached XP level 2. HP: 29/29 MP: 2/2
   581 | D:1      | Reached XP level 3. HP: 34/35 MP: 3/3
  1109 | D:2      | Noticed a +0 dagger
  1110 | D:2      | Found a hide-covered altar of Uskayaw.
  1111 | D:2      | Noticed a +0 dagger
  1170 | D:2      | Reached skill level 1 in Invocations
  1455 | D:2      | Reached skill level 1 in Short Blades
  1455 | D:2      | Reached skill level 1 in Long Blades
  1455 | D:2      | Reached skill level 1 in Maces & Flails
  1455 | D:2      | Reached skill level 1 in Polearms
  1455 | D:2      | Reached skill level 1 in Staves
  1455 | D:2      | Reached skill level 1 in Slings
  1455 | D:2      | Reached skill level 1 in Bows
  1455 | D:2      | Reached skill level 1 in Crossbows
  1455 | D:2      | Reached skill level 1 in Throwing
  1455 | D:2      | Reached skill level 1 in Dodging
  1455 | D:2      | Reached skill level 1 in Stealth
  1455 | D:2      | Reached skill level 1 in Unarmed Combat
  1455 | D:2      | Reached skill level 1 in Spellcasting
  1455 | D:2      | Reached skill level 1 in Evocations
  1473 | D:2      | Reached XP level 4. HP: 32/41 MP: 5/5
  1502 | D:2      | Noticed Robin
  1511 | D:2      | Killed Robin
  1617 | D:2      | Found a shimmering altar of Xom.
  1690 | D:2      | Became a worshipper of Xom of Chaos
  1823 | D:2      | XOM: divination: detect creatures
  2211 | D:2      | XOM: silly message
  2244 | D:3      | XOM: noise
  2266 | D:3      | Reached skill level 1 in Conjurations
  2266 | D:3      | Reached skill level 1 in Hexes
  2266 | D:3      | Reached skill level 1 in Charms
  2266 | D:3      | Reached skill level 1 in Summonings
  2266 | D:3      | Reached skill level 1 in Necromancy
  2266 | D:3      | Reached skill level 1 in Translocations
  2266 | D:3      | Reached skill level 1 in Transmutations
  2266 | D:3      | Reached skill level 1 in Fire Magic
  2266 | D:3      | Reached skill level 1 in Ice Magic
  2266 | D:3      | Reached skill level 1 in Air Magic
  2266 | D:3      | Reached skill level 1 in Earth Magic
  2266 | D:3      | Reached skill level 1 in Poison Magic
  2322 | D:3      | XOM: 2-stop teleportation journey
  2326 | D:3      | Noticed a bullfrog
  2332 | D:3      | Reached XP level 5. HP: 47/47 MP: 6/6
  2338 | D:3      | XOM: silly message
  2344 | D:3      | Reached XP level 6. HP: 44/53 MP: 8/8
  2361 | D:3      | XOM: summons 3 hostile shadow creatures
  2674 | D:3      | Reached skill level 5 in Axes
  2681 | D:3      | XOM: give mutations
  2681 | D:3      | Gained mutation: You can translocate small distances at
                  | will. [Xom's grace]
  2681 | D:3      | Gained mutation: You have sharp toenails. [Xom's grace]
  2943 | D:3      | XOM: torment (28/53 hp)
  2961 | D:3      | XOM: give mutation
  2961 | D:3      | Gained mutation: You are clumsy. (Dex -2) [Xom's mischief]
  3197 | D:3      | XOM is BORED!
  3197 | D:3      | XOM: noise
  3433 | D:4      | Found a shadowy altar of Dithmenos.
  3581 | D:4      | XOM: draining
  3596 | D:4      | Reached XP level 7. HP: 56/59 MP: 10/10
  3615 | D:4      | XOM: confuse monster(s)
  3809 | D:4      | Found a bloodstained altar of Trog.
  3845 | D:4      | Found a staircase to the Ecumenical Temple.
  3854 | D:4      | XOM: cleaving
  3871 | Temple   | Entered the Ecumenical Temple
  3884 | Temple   | XOM: scenery: create altars
  4434 | D:4      | XOM: god gift: shiny naga barding {god gift}
  4668 | D:5      | Entered Level 5 of the Dungeon
  4674 | D:5      | Noticed Blork the orc
  4680 | D:5      | XOM: smoke on damage
  4687 | D:5      | Killed Blork the orc
  4688 | D:5      | XOM is BORED!
  4688 | D:5      | XOM: confusion
  4694 | D:5      | Reached XP level 8. HP: 25/67 MP: 12/12
  5072 | D:5      | Noticed Menkaure
  5082 | D:5      | Killed Menkaure
  5166 | D:5      | XOM: 4-stop teleportation journey
  5234 | D:5      | Found a basalt altar of Yredelemnul.
  5239 | D:5      | Found a glowing golden altar of the Shining One.
  5241 | D:5      | Noticed an angel
  5614 | D:6      | XOM: fog
  5627 | D:6      | XOM: polymorph orc -> dart slug
  5628 | D:6      | XOM: cast spell 'Summon Mana Viper'
  5915 | D:6      | XOM: summons friendly white imp
  5919 | D:6      | Reached XP level 9. HP: 69/72 MP: 14/14
  5958 | D:6      | XOM: summons 2 friendly demons
  5986 | D:6      | XOM: summons 1 hostile shadow creature
  6189 | D:6      | Found an ancient bone altar of Kikubaaqudgha.
  6233 | D:6      | XOM: 4-stop teleportation journey
  6487 | D:6      | XOM: give mutations
  6487 | D:6      | Gained mutation: You passively map a small area around you.
                  | [Xom's grace]
  6487 | D:6      | Lost mutation: You are clumsy. (Dex -2) [Xom's grace]
  6487 | D:6      | Gained mutation: You are agile. (Dex +2) [Xom's grace]
  6487 | D:6      | Gained mutation: You expend magic power (3 MP) to
                  | strengthen your wands. [Xom's grace]
  6640 | D:6      | XOM: give mutations
  6640 | D:6      | Lost mutation: You have sharp toenails. [Xom's mischief]
  6640 | D:6      | Gained mutation: Armour fits poorly on your strangely
                  | shaped body. [Xom's mischief]
  6743 | D:7      | XOM: 2-stop teleportation journey
  6926 | D:7      | Found a shimmering blue altar of Sif Muna.
  6947 | D:7      | XOM: give mutations
  6947 | D:7      | Lost mutation: You are agile. (Dex +2) [Xom's mischief]
  6947 | D:7      | Gained mutation: Your body sometimes deteriorates upon
                  | taking damage. [Xom's mischief]
  6996 | D:7      | XOM: chaos cloud
  7094 | D:7      | XOM: summons 5 hostile demons
  7095 | D:7      | Noticed a sixfirhy
  7095 | D:7      | Noticed an ice devil
  7096 | D:7      | Slain by an ice devil

Illustrated notes

Levels and vault maps discovered:
D:1:      dpeg_arrival_short_road, layout_basic, lexackson_kobold_supper
D:2:      layout_loops_cross, old_standard_altar, dancing_weapons_uskayaw,
          first_ration, uniq_robin
D:3:      layout_loops_ring, minmay_diced_spiral
D:4:      cheibrodos_fertilizer, layout_basic, lemuel_round_altar,
          minmay_temple_entry_tees, trog_butcher_becter
D:5:      layout_cave_pools, grunt_temple_overflow_holy_war, uniq_menkaure,
          uniq_blork_the_orc
D:6:      layout_basic, lemuel_zombie_altar_kikubaaqudgha,
          minmay_fractal_squares_diagonal_5
D:7:      layout_basic, basic_altar
Temple:   hc_temple_tempest_star

Skill      XL: |  1  2  3  4  5  6  7  8  9 |
---------------+----------------------------+-----
Invocations    | 1 2 3 4 |  4.6
Short Blades   | 1 2 3 4 |  4.2
Long Blades    | 1 2 3 4 |  4.2
Maces & Flails | 1 2 3 4 |  4.2
Polearms       | 1 2 3 4 |  4.2
Staves         | 1 2 3 4 |  4.2
Slings         | 1 2 3 4 |  4.2
Bows           | 1 2 3 4 |  4.2
Crossbows      | 1 2 3 4 |  4.2
Throwing       | 1 2 3 4 |  4.2
Dodging        | 1 2 3 4 |  4.2
Stealth        | 1 2 3 4 |  4.2
Unarmed Combat | 1 2 3 4 |  4.2
Spellcasting   | 1 2 3 4 |  4.2
Evocations     | 1 2 3 4 |  4.2
Conjurations   | 1 2 3 |  3.4
Hexes          | 1 2 3 |  3.4
Charms         | 1 2 3 |  3.4
Summonings     | 1 2 3 |  3.4
Necromancy     | 1 2 3 |  3.4
Translocations | 1 2 3 |  3.4
Transmutations | 1 2 3 |  3.4
Fire Magic     | 1 2 3 |  3.4
Ice Magic      | 1 2 3 |  3.4
Air Magic      | 1 2 3 |  3.4
Earth Magic    | 1 2 3 |  3.4
Poison Magic   | 1 2 3 |  3.4
Axes           | 5 6 |  6.3
Fighting       | 7 |  7.8
Armour         | 7 |  7.8
Shields        | 7 |  7.8

Action                   |  1- 3 |  4- 6 |  7- 9 || total
-------------------------+-------+-------+-------++-------
Melee: War axe           |   143 |   147 |   252 ||   542
       Bite              |    16 |    20 |    31 ||    67
       Kick              |       |    15 |    72 ||    87
  Use: Scroll            |     3 |     5 |     3 ||    11
       Potion            |     2 |     3 |     3 ||     8
 Stab: Confused          |       |       |     1 ||     1
  Eat: Chunk             |     2 |     7 |     7 ||    16
       Ration            |       |       |     1 ||     1
Armor: Scale mail        |    40 |     6 |       ||    46
       Chain mail        |       |    52 |    76 ||   128
       Plate armour      |       |       |    13 ||    13
Dodge: Dodged            |    28 |    36 |    68 ||   132
Block: Kite shield       |    49 |    93 |   166 ||   308
